 Dungeon Crawl Stone Soup version 0.18.1-50-g88ac8fd (webtiles) character file.

1915 Amnesiac the Slicer (level 9, -7/44 HPs)
             Began as a Vine Stalker Fighter on Mar 10, 2018.
             Was an Initiate of Gozag.
             Killed from afar by an electric eel (10 damage)
             ... with a bolt of electricity
             ... on level 6 of the Dungeon.
             The game lasted 00:07:37 (4817 turns).

Amnesiac the Slicer (Vine Stalker Fighter)          Turns: 4817, Time: 00:07:38

Health: -7/44      AC:  8    Str: 21    XL:     9   Next: 16%
Magic:  0/10       EV: 10    Int:  8    God:    Gozag
Gold:   262        SH: 11    Dex: 15    Spells: 0 memorised, 8 levels left

rFire  + . .     SeeInvis .     a - +2 dagger (venom)
rCold  . . .     Gourm    .     b - +0 scale mail
rNeg   . . .     Faith    .     c - +0 shield
rPois  .         Spirit   +     (no helmet)
rElec  .         Dismiss  .     F - +0 cloak (curse)
rCorr  .         Reflect  +     (no gloves)
SustAt .         Harm     .     (no boots)
MR     +....                    s - +2 amulet of reflection
Stlth  ..........               (no ring)
                                i - ring of protection from fire

@: somewhat resistant to hostile enchantments, extremely unstealthy
A: fangs 3, regeneration 2, magic shield, antimagic bite, no device heal 3, rot
immunity
a: Potion Petition, Call Merchant, Bribe Branch, Renounce Religion


You were on level 6 of the Dungeon.
You worshipped Gozag.
Gozag was noncommittal.
You were not hungry.

You visited 2 branches of the dungeon, and saw 7 of its levels.

You collected 741 gold pieces.
You spent 427 gold pieces at shops.
You paid 52 gold pieces to Gozag.

Inventory:

Hand Weapons
 a - a +2 dagger of venom (weapon)
 r - the +8 hand axe of True Grit {drain, Str+4, unknown}
   (You found it on level 5 of the Dungeon)

   A truly terrible weapon, it drains the life of those it strikes.
   It affects your strength (+4).
Missiles
 y - 4 curare-tipped needles
 z - 6 needles of confusion
Armour
 b - a +0 scale mail (worn)
 c - a +0 shield (worn)
 F - a cursed +0 cloak (worn)
Jewellery
 i - a ring of protection from fire (left hand)
 s - a +2 amulet of reflection (around neck)
Scrolls
 e - 8 scrolls of identify {!r}
 g - 2 scrolls of teleportation {!r}
 k - a scroll of recharging {!r}
 l - 3 scrolls of remove curse {!r, unknown}
 n - a scroll of enchant armour {!r, unknown}
 q - 3 scrolls of amnesia {!r, unknown}
 x - 2 scrolls of fear {!r, unknown}
 B - 2 scrolls of immolation {!r, unknown}
 C - 2 scrolls of blinking {!r}
 D - 3 scrolls of enchant weapon {!r}
 H - a scroll of vulnerability {!r}
Potions
 d - a potion of might {!q}
 h - 2 potions of mutation {!q, unknown}
 m - a potion of haste {!q, unknown}
 o - a potion of degeneration {!q, unknown}
 p - 2 potions of agility {!q, unknown}
 t - a potion of curing {!q, unknown}
 u - a potion of resistance {!q, unknown}
 v - a potion of cure mutation {!q, unknown}
 w - 3 potions of cancellation {!q, unknown}
 A - a potion of lignification {!q, unknown}
 E - a potion of heal wounds {!q, unknown}
Comestibles
 f - 4 bread rations
 j - a meat ration


   Skills:
 - Level 3.2 Fighting
 - Level 8.0 Short Blades
 - Level 3.4 Armour
 + Level 5.6 Dodging
 - Level 3.0 Shields


You had 8 spell levels left.
You didn't know any spells.

Dungeon Overview and Level Annotations

Branches:
Dungeon (6/15)             Temple (1/1) D:6

Altars:
Ashenzari
Elyvilon
Fedhas
Gozag
Kikubaaqudgha
Makhleb
Nemelex Xobeh
Okawaru
Pakellas
Qazlal
Ru
Sif Muna
Trog
Vehumet
Xom
Yredelemnul
Zin
The Shining One

Shops:
D:5 %==?   D:6 [


Innate Abilities, Weirdness & Mutations

You have razor-sharp teeth.
You heal very quickly.
When hurt, damage is shared between your health and your magic reserves.
Your bite disrupts and absorbs the magic of your enemies.
Potions and wands cannot restore your health.
You are immune to rotting.


Message History

You see here a spear.
The electric eel shoots out a bolt of lightning at you!
The bolt of electricity hits you!
You completely miss the electric eel.
The electric eel shoots out a bolt of lightning at you!
The bolt of electricity misses you.
You hit the electric eel.
The electric eel is lightly wounded.
You hit the electric eel.
The electric eel is poisoned.
The electric eel is moderately wounded.
You puncture the electric eel!
The electric eel looks even sicker.
The electric eel is severely wounded.
The electric eel shoots out a bolt of lightning at you!
The bolt of electricity misses you.
You hit the electric eel.
You kill the electric eel!
You hear a splash.
You swing at nothing.
You see here a spear.
You now have 248 gold pieces (gained 7).
You see here a spear of venom.
You enter the shallow water.
Moving in this stuff is going to be slow.
You now have 262 gold pieces (gained 14).
An electric eel comes into view.
The electric eel moves out of view.
The electric eel shoots out a bolt of lightning at you!
The bolt of electricity hits the plant.
The bolt of electricity hits you!
The electric eel shoots out a bolt of lightning at you!
The bolt of electricity hits you!
The electric eel shoots out a bolt of lightning at you!
The bolt of electricity hits you!
The electric eel shoots out a bolt of lightning at you!
The bolt of electricity hits you!
* * * LOW HITPOINT WARNING * * *
Your unstable footing causes you to fumble your attack.
Your unstable footing causes you to fumble your attack.
The electric eel shoots out a bolt of lightning at you!
The bolt of electricity hits you!
* * * LOW HITPOINT WARNING * * *
The electric eel shoots out a bolt of lightning at you!
The bolt of electricity hits you!
* * * LOW HITPOINT WARNING * * *
Unknown command.
Drink which item? (? for menu, Esc to quit)
Okay, then.
Drink which item? (? for menu, Esc to quit)
Okay, then.
You hit the electric eel.
The electric eel is poisoned.
The electric eel is lightly wounded.
You hit the electric eel.
The electric eel looks even sicker.
The electric eel is heavily wounded.
The electric eel shoots out a bolt of lightning at you!
The bolt of electricity hits you!
* * * LOW HITPOINT WARNING * * *
Read which item? (? for menu, Esc to quit)
Okay, then.
You aren't carrying any items that you can evoke.
You hit the electric eel.
The electric eel is severely wounded.
The electric eel shoots out a bolt of lightning at you!
The bolt of electricity hits you!
You die...
Your body crumbles into a pile of gold.

....#.#
#..)#.........))......#.#
....#.#
#.#[..####♣≈P.#####.#....
....#.# #........♣≈♣≈♣#
#...... #####.#
#..#.#.#≈≈≈≈P♣♣.. ######. #
#.###..#.#.#≈≈≈♣≈P≈♣. #.._
#####.......(#.♣≈≈≈≈P≈≈≈.#
#.#)
##.....##..###≈♣≈≈♣≈≈♣P≈♣#
#...
#.....##.....P≈≈PP≈≈≈≈P♣
##.#
##....[...###♣≈≈@;≈≈≈≈P≈≈≈
#.#
).......##...≈♣≈≈♣≈≈≈≈≈≈♣♣#
#..
##.....###.##♣≈≈≈≈≈≈≈≈P≈≈≈
### ##...##
#.##≈♣≈≈≈≈≈≈≈≈≈≈♣ ##.##
#.#≈♣≈≈≈≈≈≈≈≈≈≈ ###
...♣♣♣P≈≈≈≈≈≈≈≈ #.#
≈≈≈≈≈≈≈≈≈≈ #.# ≈≈≈≈≈≈≈≈≈
...


You could see an electric eel.

Vanquished Creatures
  Grinder (D:5)
  Edmund (D:6)
  5 phantoms
  2 orc warriors (D:6)
  The ghost of Amnesiac the Cutter, an amateur MfFi (D:4)
  2 centaurs
  A giant frog (D:6)
  2 electric eels (D:6)
  A crimson imp (D:5)
  A giant frog zombie (D:5)
  A jelly (D:5)
  A centaur skeleton (D:5)
  An orc priest (D:3)
  2 giant frog skeletons
  A gnoll shaman (D:5)
  2 orc wizards (D:6)
  2 killer bee zombies
  14 gnolls
  4 adders
  A shadow imp (D:5)
  An ooze (D:3)
  2 worms
  A dart slug (D:1)
  3 giant geckos
  9 orcs
  6 giant cockroaches
  5 hobgoblins
  6 jackals
  2 kobolds
  4 quokkas
  3 ball pythons
  6 bats
  4 giant newts
  4 goblins
  A jackal skeleton (D:3)
  8 rats
111 creatures vanquished.

Notes
Turn   | Place    | Note
--------------------------------------------------------------
     0 | D:1      | Amnesiac the Vine Stalker Fighter began the quest for the Orb.
     0 | D:1      | Reached XP level 1. HP: 11/11 MP: 2/2
    76 | D:1      | Reached skill level 2 in Short Blades
   184 | D:1      | Reached XP level 2. HP: 11/16 MP: 1/3
   497 | D:1      | You fall through a shaft!
   497 | D:2      | Found an ancient bone altar of Kikubaaqudgha.
   504 | D:2      | Reached skill level 3 in Short Blades
   511 | D:2      | Reached XP level 3. HP: 16/19 MP: 4/4
   687 | D:2      | Reached skill level 1 in Dodging
   711 | D:2      | Found a deep blue altar of Sif Muna.
  1175 | D:3      | Noticed a centaur
  1184 | D:3      | Killed a centaur
  1184 | D:3      | Reached XP level 4. HP: 19/23 MP: 5/5
  1184 | D:3      | Reached XP level 5. HP: 22/27 MP: 6/6
  1486 | D:3      | Found a white marble altar of Elyvilon.
  1897 | D:4      | Found an opulent altar of Gozag.
  1939 | D:4      | Became a worshipper of Gozag Ym Sagoz the Greedy
  1965 | D:4      | Noticed a phantom
  2010 | D:4      | Killed a phantom
  2010 | D:4      | Gained mutation: You heal very quickly. [Vine Stalker growth]
  2010 | D:4      | Reached XP level 6. HP: 16/32 MP: 7/7
  2227 | D:4      | Noticed Amnesiac's ghost (amateur MfFi)
  2281 | D:4      | Killed Amnesiac's ghost
  2281 | D:4      | Reached skill level 4 in Short Blades
  2460 | D:4      | Noticed a phantom
  2491 | D:4      | Killed a phantom
  2491 | D:4      | Reached XP level 7. HP: 28/36 MP: 8/8
  2896 | D:5      | Entered Level 5 of the Dungeon
  2906 | D:5      | Reached skill level 5 in Short Blades
  2939 | D:5      | Got a slimy hand axe
  3078 | D:5      | Reached skill level 6 in Short Blades
  3139 | D:5      | Noticed Grinder
  3153 | D:5      | HP: 1/36 [Grinder (4)]
  3164 | D:5      | Killed Grinder
  3164 | D:5      | Reached skill level 7 in Short Blades
  3164 | D:5      | Gained mutation: You have razor-sharp teeth. [Vine Stalker growth]
  3164 | D:5      | Reached XP level 8. HP: 7/40 MP: 7/9
  3182 | D:5      | Found a radiant altar of Vehumet.
  3278 | D:5      | Found Unej's Jewellery Shoppe.
  3424 | D:5      | You fall through a shaft!
  3449 | D:6      | Reached skill level 8 in Short Blades
  3541 | D:6      | Found a staircase to the Ecumenical Temple.
  3578 | Temple   | Entered the Ecumenical Temple
  3853 | D:6      | Noticed Edmund
  3878 | D:6      | Killed Edmund
  3982 | D:6      | Reached XP level 9. HP: 19/44 MP: 6/10
  4020 | D:6      | Found Waptout's Antique Armour Boutique.
  4117 | D:6      | Found a sacrificial altar of Ru.
  4120 | D:5      | Found Jeom's Jewellery Shop.
  4197 | D:5      | Found Zuaf's Food Shop.
  4208 | D:5      | Reached skill level 5 in Dodging
  4429 | D:5      | Found Aveng's Magic Scroll Boutique.
  4437 | D:5      | Bought a scroll of enchant weapon for 82 gold pieces
  4437 | D:5      | Bought a scroll of blinking for 82 gold pieces
  4437 | D:5      | Bought a scroll of teleportation for 33 gold pieces
  4437 | D:5      | Bought a scroll of identify for 22 gold pieces
  4437 | D:5      | Bought a scroll of recharging for 104 gold pieces
  4437 | D:5      | Bought a scroll of random uselessness for 11 gold pieces
  4437 | D:5      | Bought a scroll of noise for 11 gold pieces
  4437 | D:5      | Bought a scroll of vulnerability for 82 gold pieces
  4817 | D:6      | Killed from afar by an electric eel

Skill      XL: |  1  2  3  4  5  6  7  8  9 |
---------------+----------------------------+-----
Short Blades   | 2 3 4 7 8 |  8.0
Dodging        | 3 4 5 |  5.6
Fighting       | 3 |  3.2
Shields        | 3 |  3.0
Armour         | 3 |  3.4

Action                   |  1- 3 |  4- 6 |  7- 9 || total
-------------------------+-------+-------+-------++-------
Melee: Rapier            |    50 |       |       ||    50
       Bite              |    25 |    58 |   104 ||   187
       Dagger            |    41 |   178 |   290 ||   509
  Eat: Chunk             |     1 |     2 |       ||     3
       Pizza             |       |     1 |       ||     1
       Beef jerky        |       |     1 |       ||     1
       Meat ration       |       |       |     2 ||     2
Armor: Scale mail        |    30 |    28 |    36 ||    94
Dodge: Dodged            |    25 |    26 |    68 ||   119
Block: Shield            |    27 |    60 |   120 ||   207
       Buckler           |     2 |       |       ||     2
       Reflection        |       |       |     4 ||     4
